 Dungeon Crawl Stone Soup version 0.31.0-32-g396128a36d (webtiles) character file.

Game seed: 15758661804426905663

2538 KittyFluff the Changeling (level 9, 0/85 HPs)
             Began as a Troll Shapeshifter on Apr 11, 2024.
             Was a Follower of Trog.
             Slain by a hornet (5 damage)
             ... on level 7 of the Dungeon.
             The game lasted 00:27:48 (5699 turns).

KittyFluff the Changeling (Troll Shapeshifter)      Turns: 5699, Time: 00:27:49

Health: 0/85       AC:  8    Str: 28    XL:     9   Next: 30%
Magic:  0/8        EV: 10    Int:  6    God:    Trog [*.....]
Gold:   574        SH:  0    Dex:  9    Spells: 2/8 levels left

rFire   . .          .
                       - Unarmed
rCold   . . .        (no shield)
rNeg    . . .        q - +0 robe
rPois   .            (helmet currently unavailable)
rElec   .            (cloak currently unavailable)
rCorr   .            (gloves unavailable)
SInv    +            (boots unavailable)
Will    .....        I - amulet of guardian spirit
Stlth   +            B - ring of see invisible
HPRegen 1.14/turn    O - +4 ring of protection
MPRegen 0.11/turn

%: guardian spirit
@: lethally poisoned (0 -> -1), beast-form, hasted and slowed
A: beast (slay +3), large, unfitting armour, claws 3, regeneration 1, shaggy fur
1, tough skin 1
a: Begin Untransformation, Renounce Religion, Berserk


You were on level 7 of the Dungeon.
You worshipped Trog.
Trog was aware of your devotion.
You were a hulking beast.
You visited 2 branches of the dungeon, and saw 9 of its levels.

You collected 574 gold pieces.

Inventory:

Hand Weapons
 b - a +4 hand axe
 f - a +0 mace
 n - the +3 orcbow of Cowardice {speed, rC- rN+ Str+3}
   (You found it on level 2 of the Dungeon)

   Str+3:     It affects your strength (+3).
   rC-:       It makes you vulnerable to cold.
   rN+:       It protects you from negative energy.
 p - a +0 sling
 u - a +0 spear
 G - a +0 quarterstaff
 H - a +1 whip of freezing
 M - a +0 morningstar
 P - a +3 quarterstaff of chaos
Missiles
 e - 56 stones (quivered)
 j - 5 atropa-tipped darts
 o - 9 javelins
 r - 4 datura-tipped darts
 z - 9 poisoned darts
 C - 3 boomerangs
Armour
 q - a +0 robe (worn)
 y - a +2 cloak
 Q - a +1 cloak
Jewellery
 B - a ring of see invisible (left claw)
 I - an amulet of guardian spirit (around neck)
 O - a +4 ring of protection (right claw)
Talismans
 c - a beast talisman
 d - a flux talisman
Wands
 h - a wand of flame (53)
 x - a wand of roots (11)
 K - a wand of digging (5)
Scrolls
 a - 2 scrolls of teleportation {unknown}
 g - 5 scrolls of vulnerability {unknown}
 i - 2 scrolls of acquirement {unknown}
 s - a scroll of noise {unknown}
 t - 2 scrolls of poison {unknown}
 v - 3 scrolls of identify {unknown}
 A - 2 scrolls of revelation {unknown}
 E - a scroll of fog {unknown}
 J - a scroll of enchant armour {unknown}
 L - 2 scrolls of immolation {unknown}
Potions
 k - 3 potions of curing {unknown}
 l - a potion of magic {unknown}
 m - 2 potions of enlightenment {unknown}
 w - a potion of attraction {unknown}
 D - a potion of ambrosia {unknown}
 F - 2 potions of haste
 N - a potion of lignification


   Skills:
 + Level 4.5 Fighting
 + Level 4.8 Throwing
 + Level 4.7 Dodging
 + Level 6.1 Unarmed Combat
 * Level 6.6 Shapeshifting


You had 2 spell levels left.
You knew the following spells:

 Your Spells              Type           Power      Damage    Failure   Level
a - Passwall              Erth           0%         N/A       83%         3
b - Swiftness             Air            0%         N/A       83%         3

Your spell library contained the following spells:

 Spells                   Type           Power      Damage    Failure   Level
 Ensorcelled Hibernation  Hex/Ice        0%         N/A       58%         2
 Call Canine Familiar     Summ           0%         N/A       83%         3
 Hailstorm                Conj/Ice       0%         3d5       83%         3
 Sigil of Binding         Hex            0%         N/A       83%         3
 Summon Ice Beast         Ice/Summ       0%         N/A       83%         3
 Dimensional Bullseye     Hex/Tloc       0%         N/A       99%         4
 Summon Forest            Summ/Tloc      0%         N/A       100%        5
 Eringya's Noxious Bog    Alch           0%         4d6       100%        6
 Sculpt Simulacrum        Ice/Alch       0%         N/A       100%        6
 Summon Hydra             Summ           0%         N/A       100%        7


Dungeon Overview and Level Annotations

Branches:
Dungeon (8/15)             Temple (1/1) D:5
   Lair: D:8-11

Altars:
Elyvilon
Fedhas
Gozag
Hepliaklqana
Makhleb
Nemelex Xobeh
Okawaru
Ru
Sif Muna
Trog
Uskayaw
Vehumet
Wu Jian
Xom
Yredelemnul
Zin
The Shining One

Shops:
D:7 (

Annotations:
D:8 Psyche


Innate Abilities, Weirdness & Mutations

You are a hulking beast.
Your limbs bulge with bestial killing power. (Slay +3)
You are too large for most types of armour.
You have claws for hands.
Your natural rate of healing is unusually fast.
You are covered in fur. (AC +1)
You have tough skin. (AC +1)


Message History

You feel very sick.
Psyche shouts!
The hornet barely misses you.
Psyche cries, "You've killed my pet!"
The hornet stings you.
You feel as though you will be slow longer.
You climb upwards.
You feel very sick.
There is a stone staircase leading down here.
You closely miss the hornet.
The hornet is moderately wounded.
You feel sick. The hornet barely misses you. The hornet stings you.
You feel as though you will be slow longer.
You closely miss the hornet.
The hornet is moderately wounded.
You feel sick.
The hornet stings you but does no damage. x2
You claw the hornet!
The hornet is severely wounded.
You feel sick. The hornet closely misses you. The hornet stings you!
You suddenly lose the ability to move!
You feel sick.
You are no longer poisoned.
The hornet stings you!
* * * LOW HITPOINT WARNING * * *
You are poisoned.
You feel as though you will be slow longer.
The hornet stings you!
* * * LOW HITPOINT WARNING * * *
You shrug off the repeated paralysis!
You can move again.
It was a potion of haste.
You feel yourself speed up.
You feel very sick. The hornet barely misses you. The hornet stings you.
* * * LOW HITPOINT WARNING * * *
You feel as though you will be slow longer.
You miss the hornet.
The hornet is severely wounded.
You feel sick. The hornet stings you.
You die...

##...##....###.####...###
#.....#........####.....#
#.....#)................#
......##....#....#..#...#
.#..........####....#..##
##..........####.[.##..#
....##)#............#.###
.#.###.#..[....#....)...#
.###
#..#.......h.##.....# ##
##.#......y..###..###
####.#..#...# ####
##########


You could see a hornet.

Vanquished Creatures
  Pikel (D:6)
  Grinder (D:3)
  3 water moccasins (D:7)
  3 ice beasts (D:7)
  2 black bears (D:4)
  2 ogres
  2 scorpions (D:4)
  A bullfrog (D:6)
  A jelly (D:4)
  Crazy Yiuf (D:7)
  A bombardier beetle (D:6)
  5 orc priests
  2 gnoll boudas
  5 hounds
  A sleepcap (D:5)
  3 orc wizards
  10 gnolls
  A shadow imp (D:5)
  3 dart slugs
  2 ribbon worms
  19 orcs
  10 endoplasms
  2 giant cockroaches
  6 goblins
  5 hobgoblins
  10 jackals
  5 quokkas
  6 ball pythons
  8 bats
  3 frilled lizards (D:1)
  6 kobolds
  4 rats
134 creatures vanquished.

Notes
Turn   | Place    | Note
-------+----------+-------------------------------------------
     0 | D:1      | KittyFluff the Troll Shapeshifter began the quest for the
                  | Orb.
     0 | D:1      | Reached XP level 1. HP: 18/18 MP: 0/0
   166 | D:1      | Reached skill level 1 in Fighting
   239 | D:1      | Reached XP level 2. HP: 26/27 MP: 1/1
   914 | D:2      | Reached XP level 3. HP: 33/33 MP: 2/2
  1088 | D:2      | Reached skill level 1 in Throwing
  1141 | D:2      | Identified the +3 orcbow of Cowardice {speed, rC- rN+
                  | Str+3}
  1181 | D:2      | Found a faded altar of an unknown god.
  1297 | D:3      | Reached XP level 4. HP: 41/41 MP: 3/3
  1478 | D:3      | Noticed Grinder
  1489 | D:3      | Paralysed by Grinder for 5 turns
  1502 | D:3      | Paralysed by Grinder for 3 turns
  1506 | D:3      | Killed Grinder
  1507 | D:3      | Reached XP level 5. HP: 18/49 MP: 4/4
  1507 | D:3      | Reached XP level 6. HP: 21/57 MP: 5/5
  2217 | D:4      | Found a basalt altar of Yredelemnul.
  2385 | D:4      | Reached XP level 7. HP: 60/66 MP: 6/6
  2645 | D:4      | Found a glowing silver altar of Zin.
  2756 | D:4      | Learned a level 3 spell: Passwall
  3015 | D:5      | Entered Level 5 of the Dungeon
  3146 | D:5      | Found a staircase to the Ecumenical Temple.
  3241 | Temple   | Entered the Ecumenical Temple
  3288 | Temple   | Learned a level 3 spell: Swiftness
  3288 | Temple   | Became a worshipper of Trog the Wrathful
  3370 | D:5      | Reached skill level 5 in Unarmed Combat
  3503 | D:5      | Reached XP level 8. HP: 56/75 MP: 7/7
  4161 | D:5      | Found a white marble altar of Elyvilon.
  4303 | D:6      | Reached skill level 5 in Shapeshifting
  4405 | D:6      | Found a hazy altar of Hepliaklqana.
  4633 | D:6      | Noticed Pikel
  4642 | D:6      | Killed Pikel
  5212 | D:7      | Reached XP level 9. HP: 78/84 MP: 8/8
  5259 | D:7      | Found Afoob's Firing Range.
  5330 | D:7      | Reached * piety under Trog
  5440 | D:7      | Found a glowing golden altar of the Shining One.
  5510 | D:7      | Found a runed translucent door.
  5511 | D:7      | Noticed Crazy Yiuf
  5518 | D:7      | Killed Crazy Yiuf
  5650 | D:8      | Noticed Psyche
  5686 | D:8      | Paralysed by a hornet for 1 turns
  5696 | D:7      | Paralysed by a hornet for 2 turns
  5699 | D:7      | Slain by a hornet

Illustrated notes

Levels and vault maps discovered:
D:1:      dpeg_arrival_solitude, layout_basic
D:2:      layout_basic, hellmonk_ecumenical_altar_lost_god,
          minmay_close_crescents
D:3:      layout_loops_ring, kennysheep_nondescript,
          chequers_serial_rivers_micro_d, minmay_surrounded, uniq_grinder
D:4:      layout_rooms, lemuel_round_altar, overflow_temple_1_default,
          hex_intersection
D:5:      layout_basic, overflow_temple_1_default,
          minmay_temple_entry_proselytizer
D:6:      layout_basic, marbit_many_paths, uniq_pikel
D:7:      layout_cave_pools, mainiacjoe_overflow_alcove_2,
          nicolae_shop_firing_range, uniq_crazy_yiuf_cottage
D:8:      layout_rooms, chequers_serial_rivers_micro_a, uniq_psyche
Temple:   minmay_temple_forest_path

Skill      XL: |  1  2  3  4  5  6  7  8  9 |
---------------+----------------------------+-----
Fighting       | 1 2 3 4 |  4.5
Throwing       | 1 2 3 4 |  4.8
Dodging        | 2 3 4 |  4.7
Unarmed Combat | 4 5 6 |  6.1
Shapeshifting  | 4 6 |  6.6

Action                     |  1- 3 |  4- 6 |  7- 9 || total
---------------------------+-------+-------+-------++-------
  Melee: Unarmed           |    86 |    87 |   185 ||   358
         Punch             |       |     1 |     6 ||     7
  Throw: Stone             |     2 |     4 |    28 ||    34
    Use: Potion            |       |     1 |     1 ||     2
   Stab: Sleeping          |       |       |     1 ||     1
 Armour: Animal skin       |    54 |       |       ||    54
         Robe              |       |    51 |   132 ||   183
         Skin              |       |     3 |       ||     3
  Dodge: Dodged            |    37 |    20 |    85 ||   142
